 Dungeon Crawl Stone Soup version 0.23-a0-329-g6f3f904 (webtiles) character file.

207 Loudmushroom the Chopper (level 5, 47/47 HPs)
             Began as a Minotaur Berserker on Aug 4, 2018.
             Was a Believer of Trog.
             Quit the game on level 3 of the Dungeon on Oct 16, 2018.
             The game lasted 00:15:09 (2324 turns).

Loudmushroom the Chopper (Minotaur Berserker)       Turns: 2324, Time: 00:15:10

Health: 47/47      AC:  4    Str: 22    XL:     5   Next: 54%
Magic:  4/4        EV: 12    Int:  4    God:    Trog [**....]
Gold:   70         SH:  0    Dex: 10    Spells: 4/4 levels left

rFire    . . .     SeeInvis .   a - +0 hand axe
rCold    . . .     Gourm    .   (no shield)
rNeg     . . .     Faith    .   d - +1 leather armour {rPois}
rPois    +         Spirit   .   (helmet restricted)
rElec    .         Reflect  .   (no cloak)
rCorr    .         Harm     .   (no gloves)
MR       .....                  (no boots)
Stlth    +.........             (no amulet)
HPRegen  0.15/turn              (no ring)
MPRegen  0.09/turn              (no ring)

@: no status effects
A: retaliatory headbutt, horns 2
a: Berserk, Trog's Hand, Renounce Religion


You were on level 3 of the Dungeon.
You worshipped Trog.
Trog was pleased with you.
You were not hungry.

You visited 1 branch of the dungeon, and saw 3 of its levels.
You also visited: Sewer.

You collected 70 gold pieces.

Inventory:

Hand Weapons
 a - a +0 hand axe (weapon)
 b - a +0 hunting sling
 g - a +0 blowgun
 B - a cursed -3 hand axe
Missiles
 e - 54 stones
 m - 5 poisoned needles
 n - 53 sling bullets
 p - 5 needles of sleeping
 t - 3 tomahawks (quivered)
 x - 4 curare-tipped needles
Armour
 d - a +1 leather armour of poison resistance (worn)
 o - a +0 animal skin
 y - a +0 scale mail
Jewellery
 u - an uncursed amulet of regeneration {unknown}
Scrolls
 f - 2 scrolls of identify {unknown}
 j - a scroll of remove curse {unknown}
 k - a scroll of fear {unknown}
 l - a scroll of enchant armour {unknown}
 q - a scroll of magic mapping {unknown}
 v - a scroll of immolation {unknown}
 w - a scroll of random uselessness {unknown}
 z - a scroll of amnesia {unknown}
Potions
 h - a potion of heal wounds {unknown}
 i - a potion of mutation {unknown}
 r - 3 potions of flight {unknown}
 s - a potion of agility {unknown}
 A - 2 potions of curing {unknown}
 C - a potion of brilliance {unknown}
Comestibles
 c - 8 rations


   Skills:
 + Level 4.7 Fighting
 * Level 5.5 Axes
 + Level 3.8 Armour
 + Level 3.5 Dodging


You had 4 spell levels left.
You didn't know any spells.
Your spell library was empty.

Dungeon Overview and Level Annotations

Branches:
Dungeon (3/15)

Altars:
Dithmenos


Innate Abilities, Weirdness & Mutations

You reflexively headbutt those who attack you in melee.
You have a pair of horns on your head.


Message History

You slash the goblin!
You kill the goblin!
Trog accepts your kill.
There isn't anything to butcher here.
z - a chunk of flesh
Found a leather armour.
You see here 12 bolts.
There isn't anything to butcher here.
Eating a chunk of flesh.
You eat the chunk of flesh.
This raw flesh tastes terrible.
z - a scroll labeled MOUBRO ESHOXT A hobgoblin comes into view.
Save game and exit?
Welcome back, Loudmushroom the Minotaur Berserker.
Trog says: Kill them all!
Press ? for a list of commands and other information.
Welcome back, Loudmushroom the Minotaur Berserker.
Trog says: Kill them all!
Press ? for a list of commands and other information.
Are you sure you want to abandon this character and quit the game? (Confirm

#..........#..........#
####### #
#..........#..........#
#
#####.######..........#
# #.#........######## .
#.#.........# .
#...........#
#...........#
#...........#
#.........@##
#..........#
#...........
.........#...
...#######.... #.....
#...g.. #.......


You could see a hobgoblin.

Vanquished Creatures
  A big kobold (Sewer)
  An orc wizard (D:3)
  4 adders (D:3)
  2 dart slugs (D:1)
  A leopard gecko (D:2)
  6 orcs (D:3)
  7 bats
  3 giant cockroaches
  6 goblins
  5 hobgoblins
  7 jackals
  9 kobolds
  2 ball pythons (D:3)
  3 frilled lizards
  11 rats
68 creatures vanquished.

Notes
Turn   | Place    | Note
-------+----------+-------------------------------------------
     0 | D:1      | Loudmushroom the Minotaur Berserker began the quest for the
                  | Orb.
     0 | D:1      | Reached XP level 1. HP: 19/19 MP: 0/0
   390 | D:1      | Reached XP level 2. HP: 27/27 MP: 1/1
   429 | D:1      | Reached skill level 4 in Axes
   855 | D:2      | Found a shadowy altar of Dithmenos.
   860 | D:2      | Reached XP level 3. HP: 33/33 MP: 2/2
   896 | D:2      | Reached ** piety under Trog
  1502 | D:3      | Reached XP level 4. HP: 37/40 MP: 3/3
  1556 | D:3      | Found a glowing drain.
  1566 | Sewer    | Entered a sewer
  1646 | Sewer    | Noticed a big kobold
  1663 | Sewer    | Killed a big kobold
  1663 | Sewer    | Reached skill level 5 in Axes
  1663 | Sewer    | Reached XP level 5. HP: 23/47 MP: 4/4
  1843 | Sewer    | Found a white marble altar of Elyvilon.
  2324 | D:3      | Upgraded the game from 0.23-a0-32-g1388f29 to
                  | 0.23-a0-38-g6d804a8
  2324 | D:3      | Upgraded the game from 0.23-a0-38-g6d804a8 to
                  | 0.23-a0-329-g6f3f904
  2324 | D:3      | Quit the game

Vault maps used:
D:1:      eino_arrival_water_cross
D:2:      nicolae_dithmenos_shadow_blocks
D:3:      cheibrodos_sewer_entry_drain, first_ration, uniq_terence
Sewer:    sewer_kobolds

Skill      XL: |  1  2  3  4 |
---------------+-------------+-----
Axes           | 4 5 |  5.5
Fighting       | 4 |  4.7
Armour         | 3 |  3.8
Dodging        | 3 |  3.5

Action                   |  1- 3 |  4- 6 || total
-------------------------+-------+-------++-------
Melee: Hand axe          |    72 |    46 ||   118
       Headbutt          |     9 |     6 ||    15
Invok: Trog's Hand       |       |     1 ||     1
  Eat: Chunk             |     1 |     4 ||     5
Armor: Leather armour    |    33 |    14 ||    47
Dodge: Dodged            |    64 |    35 ||    99

Table legend:
 A = Non-vault XP
 B = Vault XP
 C = Vault XP percentage of total XP
 D = Non-vault monster count
 E = Vault monster count
 F = Vault count percentage of total count
                 A         B        C        D         E       F
            +---------+---------+-------+---------+---------+-------
      Total |     297 |       0 |   0.0 |      68 |       0 |   0.0
            +---------+---------+-------+---------+---------+-------
        D:1 |      31 |       0 |   0.0 |      16 |       0 |   0.0
        D:2 |      22 |       0 |   0.0 |      12 |       0 |   0.0
        D:3 |     137 |       0 |   0.0 |      28 |       0 |   0.0
      Sewer |     107 |       0 |   0.0 |      12 |       0 |   0.0
            +---------+---------+-------+---------+---------+-------
